 Dungeon Crawl Stone Soup version 0.20-a0-1122-gb7cbeb9 (webtiles) character file.

187 nikopol the Skirmisher (level 5, -2/33 HPs)
             Began as a Gargoyle Berserker on May 14, 2017.
             Was a Believer of Trog.
             Slain by a wight
             ... wielding a +0 dire flail
              (7 damage)
             ... on level 2 of the Dungeon.
             The game lasted 00:05:34 (2114 turns).

nikopol the Skirmisher (Gargoyle Berserker)         Turns: 2114, Time: 00:05:34

Health: -2/33      AC:  8    Str: 21    XL:     5   Next: 66%
Magic:  5/5        EV: 12    Int:  7    God:    Trog [**....]
Gold:   75         SH:  0    Dex: 13    Spells: 4/4 levels left

rFire    . . .     SeeInvis .   a - +0 hand axe
rCold    . . .     Gourm    .   (no shield)
rNeg     + . .     Faith    .   m - +0 leather armour
rPois    ∞         Spirit   .   (no helmet)
rElec    +         Reflect  .   (no cloak)
rCorr    .         Harm     .   (no gloves)
MR       .....                  n - +0 pair of boots
Stlth    +.........             (no amulet)
Regen    0.2/turn               g - +3 ring of dexterity
MPRegen  0.1/turn               (no ring)

@: starving, slowed, very slow
A: negative energy resistance 1, electricity resistance, unbreathing,
petrification resistance, rot immunity, AC +4
a: Berserk, Trog's Hand, Burn Spellbooks, Renounce Religion


You were on level 2 of the Dungeon.
You worshipped Trog.
Trog was pleased with you.
You were starving.

You visited 1 branch of the dungeon, and saw 3 of its levels.

You collected 75 gold pieces.

Inventory:

Hand Weapons
 a - a +0 hand axe (weapon)
Armour
 b - a +0 animal skin
 m - a +0 leather armour (worn)
 n - a +0 pair of boots (worn)
Jewellery
 g - a +3 ring of dexterity (left hand)
Scrolls
 f - a scroll of fear {unknown}
 h - a scroll of immolation {unknown}
 k - 2 scrolls of identify {unknown}
 l - 2 scrolls of enchant weapon {unknown}
 p - 2 scrolls of teleportation {unknown}
Potions
 d - a potion of might {unknown}
 e - a potion of degeneration {unknown}
 i - 2 potions of curing {unknown}
 q - a potion of agility {unknown}
Comestibles
 c - 3 bread rations
 j - 2 royal jellies
 r - a meat ration


   Skills:
 + Level 4.2 Fighting
 + Level 3.5 Axes
 + Level 3.9 Armour
 + Level 2.6 Dodging


You had 4 spell levels left.
You didn't know any spells.

Dungeon Overview and Level Annotations

Branches:
Dungeon (3/15)

Altars:


Innate Abilities, Weirdness & Mutations

You are resistant to torment.
Your stone body is resilient. (AC +4)
You are immune to poison.
You resist negative energy. (rN+)
You are resistant to electric shocks. (rElec)
You can survive without breathing.
You are immune to petrification.
You are immune to rotting.


Message History

A wight comes into view. It is wielding a dire flail.
Things that are here:
a great sword; a robe You feel your anger subside.
You are no longer berserk.
You are exhausted.
You feel yourself slow down.
You see here a chunk of flesh.
There is a stone staircase leading up here.
You see here a chunk of flesh.
There is a stone staircase leading up here.
You are starving!
The wight completely misses you. The wight barely misses you.
You climb upwards.
There is a stone staircase leading down here.
There is a shaft here.
The wight hits you with a dire flail!
* * * LOW HITPOINT WARNING * * *
You're too hungry.
The wight hits you with a dire flail!
You die...

#.###.#.....# #........#..
...##.#.....# #.....##....
#.†##.##..### #.....###...
......#...<# ##.##.......#
.....#####.##########..##.#####.#
.....# #.......##....##......#.#
.....####.#####....##########.#.#
.#.#......# #..##.....#####.#..
##.######## ##.@...####......#.#
##..#....# ###..z#####....#####..
#####.##.###.....#####.#### #.#..
###.#.##.#.....#.......# #.#..
##..#.##.#.#.####^..#########....
......##.#.#.###.>....###........
#...####.....##.....#.)..........
##..#####.....#.......).......##.
#.....###.#...........#.#........


You could see a wight.

Vanquished Creatures
  2 wights (D:3)
  A crimson imp (D:2)
  An adder (D:2)
  An ooze (D:1)
  2 dart slugs
  2 leopard geckos
  5 bats
  A giant cockroach (D:1)
  4 goblins
  9 hobgoblins
  3 jackals (D:2)
  6 kobolds
  2 quokkas (D:2)
  9 frilled lizards
  8 rats
56 creatures vanquished.

Notes
Turn   | Place    | Note
-------+----------+-------------------------------------------
     0 | D:1      | nikopol the Gargoyle Berserker began the quest for the Orb.
     0 | D:1      | Reached XP level 1. HP: 14/14 MP: 1/1
     7 | D:1      | Noticed an iguana
     7 | D:1      | Noticed a black mamba
     7 | D:1      | Noticed a redback
     7 | D:1      | Noticed a wyvern
   245 | D:1      | Reached XP level 2. HP: 19/19 MP: 2/2
   546 | D:1      | Reached ** piety under Trog
   556 | D:1      | Reached XP level 3. HP: 20/23 MP: 3/3
  1377 | D:2      | Reached XP level 4. HP: 24/29 MP: 4/4
  2058 | D:2      | Reached skill level 4 in Fighting
  2094 | D:3      | Reached XP level 5. HP: 33/33 MP: 5/5
  2114 | D:2      | Slain by a wight

Vault maps used:
D:1:      onia_arrival_zoo_common
D:2:      first_bread, serial_co_window_serial, co_window_paths_b,
          co_window_corner_a, co_window_cross_1, co_window_corner_a,
          co_window_paths_a, co_window_of_opportunity_b,
          co_window_of_opportunity_b, co_window_corner_b,
          co_window_of_opportunity_b, co_window_corner_cb, co_window_broadway_a,
          co_window_sun, co_window_paths_e, glass_columns_b, glass_columns_b,
          glass_columns_a, glass_columns_a
D:3:      overflow_temple_1_default, eino_tiny_chamber

Skill      XL: |  1  2  3  4 |
---------------+-------------+-----
Axes           | 3 |  3.5
Armour         | 3 |  3.9
Dodging        | 2 |  2.6
Fighting       | 4 |  4.2

Action                   |  1- 3 |  4- 6 || total
-------------------------+-------+-------++-------
Melee: Hand axe          |   117 |   110 ||   227
Invok: Berserk           |       |     1 ||     1
  Eat: Chunk             |     2 |     1 ||     3
Armor: Animal skin       |    21 |       ||    21
       Leather armour    |    12 |    44 ||    56
Dodge: Dodged            |    74 |    74 ||   148
